 Dungeon Crawl Stone Soup version 0.13.0-29-gdb529de (webtiles) character file.

81 Lilouch the Firebug (level 2, -3/15 HPs)
             Began as a Deep Elf Fire Elementalist on Nov 5, 2013.
             Slain by a giant mite (4 damage)
             ... on Level 2 of the Dungeon.
             The game lasted 00:05:56 (985 turns).

Lilouch the Firebug (Deep Elf Fire Elementalist)     Turns: 985, Time: 00:05:56

HP  -3/15        AC  2     Str  5      XL: 2   Next: 37%
MP   0/7         EV 13     Int 19      God:
Gold 65          SH  0     Dex 15      Spells:  1 memorised,  4 levels left

Res.Fire  : . . .   See Invis. : .   (no weapon)
Res.Cold  : . . .   Warding    : .   a - +0 elf robe
Life Prot.: . . .   Conserve   : .   (no shield)
Res.Poison: .       Res.Corr.  : .   (no helmet)
Res.Elec. : .       Clarity    : .   (no cloak)
Sust.Abil.: . .     Spirit.Shd : .   (no gloves)
Res.Mut.  : .       Stasis     : .   (no boots)
Res.Rott. : .       Flight     : .   (no amulet)
Saprovore : . . .                    i - ring of wizardry
                                     f - ring of invisibility

@: mildly poisoned, not resistant to hostile enchantments, fairly stealthy
A: no striking features
a: Evoke Invisibility


You were on level 2 of the Dungeon.
You were not hungry.

You visited 1 branch of the dungeon, and saw 2 of its levels.

You collected 45 gold pieces.

Inventory:

Armour
 a - a +0 elven robe (worn)
 n - a +0 troll hide
Comestibles
 c - 2 bread rations
 m - a chunk of jackal flesh
 p - a meat ration
Scrolls
 d - a scroll of fog {unknown}
 g - a scroll of curse weapon {unknown}
 h - 4 scrolls of identify {unknown}
 k - a scroll of fear {unknown}
 s - a scroll of magic mapping {unknown}
Jewellery
 f - a ring of invisibility (left hand)
 i - a ring of wizardry (right hand)
Potions
 e - a potion of speed {unknown}
 j - 2 potions of curing {unknown}
 q - 2 potions of restore abilities {unknown}
 r - 2 potions of magic {unknown}
Books
 b - a book of Flames

   Spells                             Type                      Level
   *Flame Tongue                      Conjuration/Fire             1
   Throw Flame                        Conjuration/Fire             2
   Conjure Flame                      Conjuration/Fire             3
   Inner Flame                        Hexes/Fire                   3
   Sticky Flame                       Conjuration/Fire             4
   Fireball                           Conjuration/Fire             5


   Skills:
 - Level 1.0 Armour
 - Level 2.4 Dodging
 - Level 2.4 Stealth
 + Level 2.0 Spellcasting
 * Level 1.4 Conjurations
 + Level 3.5 Fire Magic


You had 4 spell levels left.
You knew the following spells:

 Your Spells              Type           Power        Failure   Level  Hunger
a - Flame Tongue          Conj/Fire      ##...        3%          1    #......


Dungeon Overview and Level Annotations

Branches:
Dungeon (2/27)

Altars:


Message History

Casting: Flame Tongue
Confirm with . or Enter, or press ? or * to list all spells.
Aiming: Flame Tongue
Press: ? - help, Shift-Dir - straight line, f/p - giant mite
Aim: a giant mite (moderately wounded)
The flame hits the giant mite.
The giant mite is heavily wounded.
The giant mite misses you.
Casting: Flame Tongue
Confirm with . or Enter, or press ? or * to list all spells.
Aiming: Flame Tongue
Press: ? - help, Shift-Dir - straight line, f/p - giant mite
Aim: a giant mite (heavily wounded)
The flame hits the giant mite.
The giant mite is almost dead.
You feel sick. The giant mite bites you.
* * * LOW HITPOINT WARNING * * *
* * * LOW HITPOINT WARNING * * *
You feel sick. The giant mite bites you.
You die...

..# ..# #
#$# #.##.##
# # .#...##
.[#. .....#
..... ...(#
.......#...#
#..s@#
#....#
#....#
#.#...
#.#... #
#...# ##..#
##.# .


You could see a giant mite.

Vanquished Creatures
  An ooze (D:1)
  2 bats
  A giant cockroach (D:1)
  2 hobgoblins (D:1)
  2 jackals
  A ball python (D:1)
  2 giant newts (D:1)
  A kobold (D:1)
  2 rats (D:1)
14 creatures vanquished.

Vanquished Creatures (others)
  2 trolls (D:1)
  4 nagas (D:1)
  A centaur (D:1)
  An ogre (D:1)
  2 humans (D:1)
  An orc (D:1)
  A kobold (D:1)
  4 tentacles (D:1)
  10 tentacle segments (D:1)
26 creatures vanquished.

Grand Total: 40 creatures vanquished

Notes
Turn   | Place    | Note
--------------------------------------------------------------
     0 | D:1      | Lilouch, the Deep Elf Fire Elementalist, began the quest for the Orb.
     0 | D:1      | Reached XP level 1. HP: 10/10 MP: 4/4
     0 | D:1      | Noticed a naga
     0 | D:1      | Noticed a naga
     0 | D:1      | Noticed a centaur
     0 | D:1      | Noticed a human
     0 | D:1      | Noticed an ogre
     0 | D:1      | Noticed a naga
     0 | D:1      | Noticed a kraken
     0 | D:1      | Noticed a human
     0 | D:1      | Noticed a naga
     0 | D:1      | Noticed a troll
     0 | D:1      | Noticed a troll
     3 | D:1      | Killed a naga
     4 | D:1      | Killed a naga
     4 | D:1      | Killed a naga
     4 | D:1      | Killed a centaur
     5 | D:1      | Killed a human
     5 | D:1      | Killed an ogre
     6 | D:1      | Killed a troll
     6 | D:1      | Killed a naga
     8 | D:1      | Killed a human
    13 | D:1      | Killed a troll
   191 | D:1      | Reached skill level 1 in Armour
   553 | D:1      | Reached XP level 2. HP: 15/15 MP: 3/6
   985 | D:2      | Slain by a giant mite

Action                   || total
-------------------------++-------
Melee: Unarmed           ||     2
 Cast: Flame Tongue      ||    40
